 Dungeon Crawl Stone Soup version 0.19-a0-599-g723c685 (webtiles) character file.

95 Laan the Poker (level 4, 0/35 HPs)
             Began as a Mummy Fighter on June 11, 2016.
             Slain by an adder (1 damage)
             ... on level 3 of the Dungeon.
             The game lasted 00:06:11 (1586 turns).

Laan the Poker (Mummy Fighter)                      Turns: 1586, Time: 00:06:12

Health: 0/35       AC:  7    Str: 20    XL:     4   Next: 39%
Magic:  13/13      EV:  7    Int:  7    God:
Gold:   176        SH:  8    Dex: 11    Spells: 0 memorised, 3 levels left

rFire  x . .     SeeInvis .     a - +0 trident
rCold  + . .     Gourm    .     b - +0 scale mail
rNeg   + + +     Faith    .     c - +0 shield
rPois  ∞         Spirit   .     (no helmet)
rElec  .         Dismiss  .     e - +0 cloak
rCorr  .         Reflect  .     (no gloves)
SustAt .         Harm     .     (no boots)
MR     .....                    (no amulet)
Stlth  ..........               (no ring)
                                f - ring of magical power

@: not resistant to hostile enchantments, extremely unstealthy
A: no food or potions, fire vulnerability, cold resistance 1, negative energy
resistance 3, torment resistance, unbreathing
a: no special abilities


You were on level 3 of the Dungeon.
You were not hungry.

You visited 1 branch of the dungeon, and saw 3 of its levels.

You collected 176 gold pieces.

Inventory:

Hand Weapons
 a - a +0 trident (weapon)
Armour
 b - a +0 scale mail (worn)
 c - a +0 shield (worn)
 e - a +0 cloak (worn)
Jewellery
 f - a ring of magical power (left hand)
Scrolls
 d - 2 scrolls of identify {unknown}
 g - 2 scrolls of recharging {unknown}


   Skills:
 - Level 3.0 Fighting
 + Level 3.9 Polearms
 - Level 2.4 Armour
 - Level 2.4 Shields


You had 3 spell levels left.
You didn't know any spells.

Dungeon Overview and Level Annotations

Branches:
Dungeon (3/15)

Altars:

Annotations:
D:3 flinch's ghost, amateur OpCj


Innate Abilities, Weirdness & Mutations

You do not eat or drink.
Your flesh is vulnerable to fire.
You are immune to poison.
Your flesh is cold resistant. (rC+)
You are immune to negative energy. (rN+++)
You are immune to unholy pain and torment.
You can survive without breathing.


Message History

The adder barely misses you. Flinch's ghost hits you.
* * * LOW HITPOINT WARNING * * *
The adder barely misses you.
You miss flinch's ghost.
Flinch's ghost is heavily damaged.
The adder bites you.
* * * LOW HITPOINT WARNING * * *
Flinch's ghost hits you.
* * * LOW HITPOINT WARNING * * *
The adder bites you but does no damage.
You hit flinch's ghost.
Flinch's ghost is heavily damaged.
Flinch's ghost hits you.
* * * LOW HITPOINT WARNING * * *
You block the adder's attack. You block flinch's ghost's attack.
You barely miss flinch's ghost.
Flinch's ghost is heavily damaged.
The adder barely misses you. You block flinch's ghost's attack.
The adder bites you.
You die...

###... .# ##.. ## .# ##.
#.. .# ..# ######.. # %.#
.......# #.# #.# .....#
#...###.# .###.#
.#....S..# .##
......W@.### ..# ##
.......#...# #.###
.##.......##..#####. #...#
.##..%######........
###.##.##............#####
###..#.#...#####........#
...........# #........#
#####..##..# #........#
..###......# #........##


You could see flinch's ghost and an adder.

Vanquished Creatures
  3 adders
  4 worms
  A dart slug (D:2)
  A giant gecko (D:3)
  An orc (D:3)
  A giant cockroach (D:1)
  3 goblins
  7 hobgoblins
  7 jackals
  2 quokkas (D:2)
  2 ball pythons
  4 bats
  3 giant newts
  8 kobolds
  7 rats
54 creatures vanquished.

Notes
Turn   | Place    | Note
--------------------------------------------------------------
     0 | D:1      | Laan the Mummy Fighter began the quest for the Orb.
     0 | D:1      | Reached XP level 1. HP: 18/18 MP: 1/1
    76 | D:1      | Reached XP level 2. HP: 22/24 MP: 2/2
   579 | D:2      | Reached XP level 3. HP: 29/29 MP: 3/3
  1242 | D:2      | Reached XP level 4. HP: 21/35 MP: 4/4
  1575 | D:3      | Noticed flinch's ghost (amateur OpCj)
  1585 | D:3      | HP: 1/35 [flinch's ghost (3)]
  1586 | D:3      | Slain by an adder

Vault maps used:
D:1:      saegor_arrival_miasma
D:2:      kennysheep_six_static_rooms, first_bread, minivault_14

Skill      XL: |  1  2  3 |
---------------+----------+-----
Polearms       | 2 3 |  3.9
Fighting       | |  3.0
Armour         | |  2.4
Shields        | |  2.4

Action                   |  1- 3 |  4- 6 || total
-------------------------+-------+-------++-------
Melee: Trident           |   164 |    40 ||   204
  Use: Scroll            |     3 |       ||     3
Armor: Scale mail        |    64 |    16 ||    80
Dodge: Dodged            |    42 |     9 ||    51
Block: Shield            |    63 |    11 ||    74
